 Dungeon Crawl Stone Soup version 0.29.0-3-gbb0933ed62 (webtiles) character file.

Game seed: 6045138201657367810

4218 gelatine the Stinger (level 10, -7/73 HPs)
             Began as a Demonspawn Venom Mage on Aug 25, 2022.
             Was an Initiate of Qazlal.
             Mangled by a death yak (12 damage)
             ... on level 8 of the Dungeon.
             The game lasted 00:27:24 (7661 turns).

gelatine the Stinger (Demonspawn Venom Mage)        Turns: 7661, Time: 00:27:25

Health: -7/73      AC: 14    Str:  9    XL:     10   Next: 9%
Magic:  0/28       EV: 12    Int: 21    God:    Qazlal [......]
Gold:   408        SH:  4    Dex: 13    Spells: 4/21 levels left

rFire   . . .      SeeInvis .   u - +2 quarterstaff (chaos)
rCold   . . .      Faith    .   (shield currently unavailable)
rNeg    . . .      Spirit   +   a - +1 robe
rPois   +          Reflect  .   (no helmet)
rElec   .          Harm     .   v - +1 cloak {rPois}
rCorr   .          Rampage  .   J - +2 pair of gloves
Will    .....                   (no boots)
Stlth   ++........              g - amulet of guardian spirit
HPRegen 0.22/turn               x - ring of magical power
MPRegen 0.21/turn               (no ring)

@: sanguine armoured, studying Armour
A: hooves 2, spiny 1, sanguine armour 1, condensation shield
a: Renounce Religion


You were on level 8 of the Dungeon.
You worshipped Qazlal.
Qazlal was noncommittal.
You visited 2 branches of the dungeon, and saw 9 of its levels.

You collected 408 gold pieces.

Inventory:

Hand Weapons
 f - a +3 dagger
 j - a +0 vorpal spear
 n - a +2 quarterstaff of pain
 u - a +2 quarterstaff of chaos (weapon)
 y - a +0 war axe of venom
 D - a +1 whip of flaming
 K - a +2 short sword of venom
Missiles
 c - 7 javelins
 h - 8 poisoned darts
Armour
 a - a +1 robe (worn)
 v - a +1 cloak of poison resistance (worn)
 C - an orb of energy
 J - a +2 pair of gloves (worn)
Jewellery
 g - an amulet of guardian spirit (around neck)
 x - a ring of magical power (left hand)
 L - a ring of fire
Wands
 t - a wand of light (19)
 w - a wand of polymorph (9)
 E - a wand of flame (13)
 M - a wand of digging (1)
Scrolls
 d - 2 scrolls of blinking {unknown}
 e - a scroll of immolation
 p - a scroll of noise {unknown}
 q - a scroll of enchant armour
 r - 2 scrolls of vulnerability {unknown}
 s - 3 scrolls of teleportation {unknown}
 B - a scroll of poison {unknown}
 F - 2 scrolls of summoning {unknown}
 G - a scroll of fog {unknown}
 H - a scroll of fear {unknown}
Potions
 b - 2 potions of magic
 i - 4 potions of degeneration {unknown}
 k - 5 potions of heal wounds {unknown}
 l - a potion of brilliance
 m - 2 potions of haste {unknown}
 o - 3 potions of curing
 z - a potion of ambrosia
 A - 3 potions of resistance {unknown}
 I - a potion of mutation {unknown}
 N - a potion of lignification {unknown}
 O - 2 potions of invisibility {unknown}


   Skills:
 * Level 4.7 Fighting
 + Level 0.2(1.3) Polearms
 + Level 2.3 Staves
 + Level 2.8 Dodging
 - Level 2.6 Stealth
 + Level 1.1 Shields
 + Level 6.2 Spellcasting
 + Level 2.9 Conjurations
 + Level 4.3 Transmutations
 + Level 3.9 Fire Magic
 + Level 2.6 Air Magic
 + Level 6.7 Poison Magic
 * Level 3.8 Invocations
 + Level 3.5 Evocations


You had 4 spell levels left.
You knew the following spells:

 Your Spells              Type           Power      Damage    Failure   Level
a - Sting                 Tmut/Pois      100%       1d8       1%          1
b - Ignite Poison         Fire/Tmut/Pois 27%        N/A       3%          3
c - Poisonous Vapours     Pois/Air       52%        N/A       1%          2
d - Olgreb's Toxic Radia  Pois           34%        N/A       6%          4
e - Mephitic Cloud        Conj/Pois/Air  23%        N/A       5%          3
f - Sticky Flame          Conj/Fire      21%        2d4       22%         4

Your spell library contained the following spells:

 Spells                   Type           Power      Damage    Failure   Level
 Magic Dart               Conj           72%        1d6       3%          1
 Conjure Flame            Conj/Fire      21%        6-21      7%          3
 Animate Armour           Summ/Erth      12%        N/A       67%         4
 Leda's Liquefaction      Hex/Erth       3%         N/A       67%         4
 Statue Form              Tmut/Erth      10%        N/A       99%         6
 Iron Shot                Conj/Erth      6%         9d2       100%        6


Dungeon Overview and Level Annotations

Branches:
Dungeon (8/15)             Temple (1/1) D:6
   Lair: D:8-11

Altars:
Ashenzari
Cheibriados
Dithmenos
Fedhas
Gozag
Hepliaklqana
Kikubaaqudgha
Makhleb
Nemelex Xobeh
Okawaru
Qazlal
Ru
Sif Muna
Trog
Uskayaw
Vehumet
Xom
Yredelemnul

Shops:
D:6 (


Innate Abilities, Weirdness & Mutations

You have hoof-like feet.
You are partially covered in sharp spines.
When seriously injured, your blood forms armour. (AC +6)
A meltable shield of frost defends you. (SH +4)


Message History

Aim: a death yak (severely wounded, very poisoned, 100% to hit)
The sticky flame hits the death yak!
The death yak is severely wounded.
The death yak is covered in liquid flames!
The death yak burns!
The death yak barely misses you.
Casting: Sticky Flame (dangerous; 24% risk of failure)
Confirm with . or Enter, or press ? or * to list all spells.
You begin to radiate toxic energy.
The death yak is poisoned. x3
The death yak burns!
The death yak is struck by your spines. The death yak gores you!!
Your blood congeals into armour.
Casting: Olgreb's Toxic Radiance (dangerous; 7% risk of failure)
Confirm with . or Enter, or press ? or * to list all spells.
You don't have enough magic to cast this spell.
The death yak looks even sicker.
You kill the death yak!
Qazlal accepts your kill.
The death yak looks even sicker.
Your toxic aura wanes.
You have reached level 10!
You hit the death yak but do no damage. You drain the death yak.
Your kick misses the death yak.
The death yak is lightly wounded.
You barely miss the death yak.
The death yak is lightly wounded.
You hit the death yak but do no damage.
You kick the death yak, but do no damage.
The death yak is lightly wounded.
The death yak is struck by your spines. The death yak completely misses you.
Your magical contamination has completely faded away.
You hit the death yak but do no damage.
The death yak goes berserk!
Your kick misses the death yak.
The death yak is lightly wounded.
The death yak gores you but does no damage.
The death yak gores you! The death yak barely misses you.
You barely miss the death yak. Your kick misses the death yak.
The death yak is lightly wounded.
The death yak gores you!!
* * * LOW HITPOINT WARNING * * *
The death yak gores you!
You die...

...^.....##
##.##
......<.##
#..# .......##
##.## .......#
#..# ........
.# ##.##
..####.. ...
#..# .
........ ##.##
......... #..#
#.........#@##
.....YYY#
#....#.##
...#...
..#.... ......
###.... .....
......


You could see 3 death yaks.

Vanquished Creatures
  2 death yaks (D:8)
  Pikel (D:5)
  Sigmund (D:5)
  A steam dragon (D:7)
  Menkaure (D:6)
  An orc warrior (D:7)
  2 black bears
  An ice beast (D:4)
  A sky beast (D:7)
  2 ogres
  3 centaurs (D:7)
  A lemure (D:5)
  A kobold brigand (D:7)
  Blork the orc (D:5)
  A bullfrog (D:7)
  4 necrophages
  5 scorpions
  4 hounds
  Crazy Yiuf (D:3)
  An orc priest (D:6)
  3 iguanas
  5 orc wizards
  4 adders
  9 gnolls
  2 ufetubi
  2 worms (D:4)
  3 dart slugs
  13 orcs
  5 ball pythons
  4 bats
  4 endoplasms (D:1)
  2 giant cockroaches
  7 goblins
  5 hobgoblins
  4 jackals (D:1)
  A quokka (D:1)
  3 frilled lizards
  10 kobolds
  4 rats
125 creatures vanquished.

Vanquished Creatures (others)
  2 demonic plants (D:1)
  4 fungi (D:1)
  2 plants (D:1)
  A withered plant (D:1)
9 creatures vanquished.

Grand Total: 134 creatures vanquished

Notes
Turn   | Place    | Note
-------+----------+-------------------------------------------
     0 | D:1      | gelatine the Demonspawn Venom Mage began the quest for the
                  | Orb.
     0 | D:1      | Reached XP level 1. HP: 13/13 MP: 3/3
   140 | D:1      | Found a faded altar of an unknown god.
   611 | D:1      | Reached skill level 1 in Transmutations
   611 | D:1      | Gained mutation: You are partially covered in sharp spines.
                  | [demonic ancestry]
   611 | D:1      | Reached XP level 2. HP: 19/19 MP: 5/5
  1220 | D:1      | Reached XP level 3. HP: 24/24 MP: 0/6
  2147 | D:3      | Gained mutation: When seriously injured, your blood forms
                  | armour. (AC +6) [demonic ancestry]
  2147 | D:3      | Reached XP level 4. HP: 25/30 MP: 0/8
  2336 | D:3      | Found a shimmering altar of Xom.
  2337 | D:3      | Found a hazy altar of Hepliaklqana.
  2338 | D:3      | Noticed a spectral ugly thing
  3003 | D:3      | Found a runed translucent door.
  3004 | D:3      | Noticed Crazy Yiuf
  3062 | D:3      | Learned a level 3 spell: Ignite Poison
  3074 | D:3      | Killed Crazy Yiuf
  3075 | D:3      | Gained mutation: You have large cloven feet. [demonic
                  | ancestry]
  3075 | D:3      | Reached XP level 5. HP: 24/36 MP: 1/9
  3401 | D:4      | Found a bloodstained altar of Trog.
  3454 | D:4      | Found a stormy altar of Qazlal.
  3461 | D:4      | Noticed a black bear
  3469 | D:4      | Killed a black bear
  3470 | D:4      | Reached skill level 1 in Fighting
  3470 | D:4      | Reached skill level 1 in Fire Magic
  3566 | D:4      | Gained mutation: You have hoof-like feet. [demonic
                  | ancestry]
  3566 | D:4      | Reached XP level 6. HP: 38/43 MP: 7/11
  4198 | D:4      | Reached XP level 7. HP: 49/49 MP: 12/12
  4201 | D:4      | Learned a level 2 spell: Poisonous Vapours
  4206 | D:4      | Learned a level 4 spell: Olgreb's Toxic Radiance
  4210 | D:4      | Learned a level 3 spell: Mephitic Cloud
  4604 | D:5      | Entered Level 5 of the Dungeon
  4639 | D:5      | Noticed Blork the orc
  4644 | D:5      | Killed Blork the orc
  4694 | D:5      | Reached skill level 1 in Staves
  4694 | D:5      | Reached skill level 1 in Conjurations
  4694 | D:5      | Reached skill level 1 in Air Magic
  4694 | D:5      | Reached skill level 1 in Evocations
  4989 | D:5      | Noticed Pikel
  4996 | D:5      | Killed Pikel
  4997 | D:5      | Reached skill level 5 in Poison Magic
  4997 | D:5      | Gained mutation: A meltable shield of frost defends you.
                  | (SH +4) [demonic ancestry]
  4997 | D:5      | Reached XP level 8. HP: 24/58 MP: 7/14
  5203 | D:5      | Noticed Sigmund
  5211 | D:5      | Killed Sigmund
  5396 | D:5      | Got the Incunabulum of Silt
  5542 | D:5      | Found a sparkling altar of Nemelex Xobeh.
  5847 | D:6      | Reached skill level 1 in Shields
  5908 | D:6      | Found a radiant altar of Vehumet.
  5916 | D:6      | Reached XP level 9. HP: 42/64 MP: 9/16
  5933 | D:6      | Got Vehumet's Lectures on the Salvo
  5946 | D:6      | Found Zaips's Weapon Emporium.
  6149 | D:6      | Noticed Menkaure
  6159 | D:6      | Killed Menkaure
  6365 | D:6      | Found a staircase to the Ecumenical Temple.
  6371 | Temple   | Entered the Ecumenical Temple
  6512 | D:4      | Became a worshipper of Qazlal Stormbringer
  6566 | D:6      | Found an ancient bone altar of Kikubaaqudgha.
  6567 | D:6      | Found a shimmering blue altar of Sif Muna.
  6880 | D:7      | Reached skill level 5 in Spellcasting
  7021 | D:7      | Reached skill level 1 in Invocations
  7136 | D:7      | Learned a level 4 spell: Sticky Flame
  7645 | D:8      | Noticed a death yak
  7646 | D:8      | Noticed a death yak
  7649 | D:8      | Noticed a death yak
  7650 | D:8      | Killed a death yak
  7650 | D:8      | Noticed a death yak
  7650 | D:8      | Noticed a death yak
  7656 | D:8      | Killed a death yak
  7657 | D:8      | Reached XP level 10. HP: 41/73 MP: 1/19
  7661 | D:8      | Mangled by a death yak

Illustrated notes

Levels and vault maps discovered:
D:1:      heliophobic_arrival_dark_side_of_the_moon, layout_loops_ring,
          shapermc_ecumenical_altar_gd, minmay_tromino_mix6
D:2:      layout_basic, serial_rivers, chequers_serial_rivers_room_a,
          chequers_serial_rivers_micro_d, chequers_serial_rivers_micro_e,
          chequers_serial_rivers_micro_c, chequers_serial_rivers_small_a,
          dk_noncrumbling_3, kennysheep_generic_room_14
D:3:      layout_rooms, regret_index_temple_of_mockery, minmay_diced_spiral,
          uniq_crazy_yiuf_cottage
D:4:      layout_loops_corners, grunt_temple_overflow_open,
          general_overflow_altar
D:5:      layout_cave_pools, nemelex_xobeh_ov_fountains_minmay,
          nrook_mini_vaults, uniq_pikel, uniq_sigmund, uniq_blork_the_orc
D:6:      layout_rooms, grunt_temple_overflow_magic_moments,
          minmay_temple_entry_ruins, serial_shops,
          nicolae_shop_bloodbath_and_beyond, kennysheep_generic_room_13,
          uniq_menkaure
D:7:      layout_basic, minmay_manual_mares
D:8:      layout_cave_pods, nicolae_wu_jian_immortal_techniques,
          dpeg_lair_monsters
Temple:   nicolae_temple_ecumenical_triangle

Skill      XL: |  1  2  3  4  5  6  7  8  9 |
---------------+----------------------------+-----
Transmutations | 1 2 3 4 |  4.3
Spellcasting   | 3 4 6 |  6.2
Stealth        | 2 |  2.6
Dodging        | 2 |  2.8
Poison Magic   | 4 5 6 |  6.7
Fighting       | 1 3 4 |  4.7
Fire Magic     | 1 2 3 |  3.9
Staves         | 1 2 |  2.3
Conjurations   | 2 |  2.9
Air Magic      | 2 |  2.6
Evocations     | 2 3 |  3.5
Shields        | 1 |  1.1
Invocations    | 3 |  3.8
Polearms       | |  0.2

Action                   |  1- 3 |  4- 6 |  7- 9 | 10-12 || total
-------------------------+-------+-------+-------+-------++-------
Melee: Dagger            |    22 |       |       |       ||    22
       Unarmed           |     2 |       |       |       ||     2
       Punch             |     1 |       |       |       ||     1
       Spear             |     8 |    18 |       |       ||    26
       Quarterstaff      |       |    16 |    63 |     5 ||    84
       Kick              |       |     4 |    20 |     1 ||    25
Throw: Dart              |       |     2 |       |       ||     2
 Cast: Sting             |    50 |    49 |    45 |       ||   144
       Ignite Poison     |       |     3 |    13 |       ||    16
       Poisonous Vapours |       |       |    21 |       ||    21
       Olgreb's Toxic Ra |       |       |     7 |       ||     7
       Sticky Flame      |       |       |     2 |       ||     2
       Mephitic Cloud    |       |       |     1 |       ||     1
  Use: Scroll            |       |     4 |     2 |       ||     6
Armor: Robe              |    16 |    10 |    19 |     1 ||    46
Dodge: Dodged            |    50 |    27 |    44 |     2 ||   123
Block: Other             |       |       |    11 |       ||    11
